Map: Newkirk Precinct TE (Void)

Players

WayTeh - Winner!

  • Race: Protoss Protoss
  • League: Master
  • Spawn Location: 5:00

A.I. 1 (Very Easy)

  • Race: Terran Terran
  • Spawn Location: 7:00

VOD

Have the link to the VOD?

Description

Time

  • Played on: Feb. 14, 2017, 1:09 p.m.
  • Length: 11:27
Show
View Real Time Build Order
Export as new Build Order

WayTeh Protoss - Winner!

Build Orders: 1 Gate Expand, Double Forge, Blink Stalkers, Colossus Rush 

Get SALT Encoding   

  12  0:01  Probe (Chrono Boost)  
  13  0:11  Probe (Chrono Boost)  
  14  0:17  Pylon  
  14  0:22  Probe (Chrono Boost)  
  15  0:36  Gateway, Probe (Chrono Boost)  
  16  0:46  Probe (Chrono Boost)  
  16  0:47  Assimilator  
  18  0:57  Probe (Chrono Boost)  
  18  1:07  Probe (Chrono Boost)  
  19  1:18  Probe (Chrono Boost)  
  20  1:25  Nexus  
  20  1:33  Cybernetics Core  
  20  1:37  Probe (Chrono Boost)  
  21  1:42  Assimilator  
  21  1:47  Probe (Chrono Boost)  
  21  1:52  Pylon  
  22  1:58  Probe (Chrono Boost)  
  23  2:11  Mothership Core (Chrono Boost)  
  23  2:13  Warp Gate  
  25  2:18  Adept  
  27  2:29  Probe (Chrono Boost)  
  28  2:38  Robotics Facility  
  28  2:39  Probe x2 (Chrono Boost)  
  30  2:50  Probe x2 (Chrono Boost)  
  32  2:58  Twilight Council  
  32  3:00  Probe x2 (Chrono Boost)  
  34  3:11  Probe x2 (Chrono Boost)  
  36  3:16  Pylon  
  36  3:22  Probe (Chrono Boost)  
  36  3:24  Gateway, Blink  
  36  3:25  Gateway  
  36  3:26  Observer  
  37  3:30  Probe (Chrono Boost)  
  39  3:39  Probe (Chrono Boost)  
  41  3:42  Probe (Chrono Boost)  
  41  3:49  Observer  
  41  3:51  Probe (Chrono Boost)  
  41  3:54  Probe (Chrono Boost), Assimilator  
  44  3:56  Assimilator  
  44  3:58  Pylon  
  45  4:03  Probe (Chrono Boost)  
  45  4:06  Probe (Chrono Boost)  
  46  4:12  Pylon  
  46  4:15  Probe (Chrono Boost)  
  47  4:19  Probe (Chrono Boost)  
  47  4:21  Stalker  
  47  4:22  Stalker x2  
  54  4:25  Warp Prism  
  54  4:27  Probe (Chrono Boost)  
  54  4:31  Probe (Chrono Boost)  
  58  4:38  Pylon  
  59  4:39  Probe (Chrono Boost)  
  59  4:50  Forge x2  
  59  4:55  Robotics Bay  
  59  5:04  Stalker  
  59  5:05  Stalker x2  
  65  5:22  Gateway  
  65  5:23  Gateway  
  65  5:25  Gateway, Protoss Ground Weapons Level 1  
  65  5:27  Protoss Ground Armor Level 1  
  65  5:35  Extended Thermal Lance  
  65  5:39  Colossus  
  71  5:59  Pylon  
  71  6:00  Pylon  
  71  6:07  Pylon  
  71  6:16  Stalker x3  
  71  6:18  Stalker x2  
  81  6:20  Stalker  
  83  6:34  Colossus  
  83  6:39  Nexus  
  89  6:47  Resonating Glaives  
  89  6:49  Pylon  
  89  6:56  Probe x2 (Chrono Boost)  
  91  7:07  Pylon  
  91  7:08  Probe x2 (Chrono Boost)  
  93  7:09  Pylon  
  93  7:11  Protoss Ground Weapons Level 2  
  93  7:12  Pylon  
  93  7:14  Protoss Ground Armor Level 2  
  93  7:20  Probe (Chrono Boost)  
  93  7:22  Colossus  
  100  7:40  Zealot x4  
  110  7:45  Probe x2 (Chrono Boost)  
  110  7:55  Probe (Chrono Boost)  
  110  7:57  Probe x2 (Chrono Boost)  
  113  8:00  Pylon  
  113  8:03  Assimilator  
  114  8:07  Probe (Chrono Boost)  
  114  8:08  Assimilator  
  114  8:09  Probe (Chrono Boost)  
  114  8:10  Probe (Chrono Boost)  
  116  8:14  Adept x2  
  116  8:15  Adept x2  
  116  8:17  Colossus  
  116  8:19  Probe (Chrono Boost)  
  126  8:21  Probe (Chrono Boost)  
  132  8:31  Probe (Chrono Boost)  
  132  8:32  Probe (Chrono Boost)  
  132  8:33  Probe (Chrono Boost)  
  135  8:43  Probe (Chrono Boost)  
  135  8:44  Probe (Chrono Boost)  
  135  8:47  Robotics Facility  
  137  9:08  Gateway  
  137  9:10  Gateway  
  137  9:11  Colossus  
  137  9:12  Stalker x4  
  137  9:14  Sentry x2  
  155  9:37  Pylon x2  
  155  9:42  Pylon  
  155  9:44  Pylon  
  155  9:50  Colossus  
  161  10:03  Adept x6  
  161  10:04  Adept  
  161  10:05  Immortal  
  161  10:06  Adept  
  181  10:21  Nexus  
  181  10:25  Pylon  
  181  10:26  Sentry x3  
  181  10:27  Sentry  
  189  10:34  Pylon  
  189  10:44  Stalker x4  
Show
View Real Time Build Order
Export as new Build Order

A.I. 1 (Very Easy) Terran 

Build Orders:  

Get SALT Encoding   

  12  0:00  SCV  
  13  0:13  SCV  
  14  0:20  Supply Depot  
  14  0:36  Refinery  
  14  0:46  Barracks  
  14  1:05  Supply Depot  
  14  1:12  Refinery  
  14  1:32  Marine  
  15  1:34  Orbital Command  
  15  1:51  Barracks Tech Lab  
  15  1:59  SCV  
  16  2:11  SCV  
  17  2:19  Marine  
  18  2:23  SCV  
  19  2:36  SCV  
  20  2:48  SCV  
  21  3:00  SCV  
  22  3:07  Marauder  
  24  5:38  Marine  
  24  5:40  SCV  
  24  5:42  Supply Depot  
  22  5:52  SCV  
  23  6:08  Marauder  
  25  6:36  Marine  
  26  6:46  SCV  
  27  6:48  Factory  
  27  6:51  Supply Depot  
  27  6:57  Command Center  
  27  6:58  SCV  
  28  7:04  Marine  
  29  7:11  SCV  
  24  7:23  SCV  
  25  7:33  Starport  
  25  7:38  Marine  
  26  8:10  SCV  
  27  8:13  Marine  
  27  8:17  SCV  
  27  8:19  Starport Tech Lab, Refinery  
  29  8:23  Refinery  
  29  8:24  SCV  
  30  8:31  SCV  
  31  8:37  Raven  
  31  8:38  SCV  
  34  8:45  SCV  
  34  8:47  Marine  
  36  8:53  SCV  
  37  9:00  SCV  
  37  9:07  SCV  
  38  9:14  SCV  
  39  9:20  Raven  
  39  9:21  SCV  
  39  9:22  Marauder  
  44  9:29  SCV  
  45  9:36  SCV  
  46  9:43  SCV  
  47  9:50  SCV  
  48  9:57  SCV  
  49  10:04  SCV  
  50  10:11  SCV  
  51  10:56  Marine  
  47  11:03  SCV  
  42  11:10  Supply Depot  
  21  11:15  SCV  
Tags
 
Add a new tag
Caveats
  • Supply blocks, unpowered buildings, or Contaminate may cause inaccurate times.
  • Supply counts are checked every 10 seconds.